Map: Orbital Shipyard

Players

Julio - Winner!

  • Race: Terran Terran
  • League: Gold

capac

  • Race: Terran Terran
  • League: Gold

VOD

Have the link to the VOD?

Description

Time

  • Played on: March 20, 2016, 12:31 p.m.
  • Length: 13:27
Show
View Real Time Build Order
Export as new Build Order

Julio Terran - Winner!

Build Orders: Bio Tank 

Get SALT Encoding   

  12  0:01  SCV  
  13  0:13  SCV  
  14  0:17  Supply Depot  
  14  0:25  SCV  
  15  0:39  SCV  
  15  0:41  Barracks  
  16  0:47  Refinery  
  16  0:51  SCV  
  17  1:03  SCV  
  18  1:16  SCV  
  19  1:36  Command Center  
  19  1:40  Orbital Command  
  19  1:54  Marine  
  19  1:56  Barracks  
  20  2:07  SCV  
  21  2:11  Supply Depot  
  21  2:13  Marine  
  21  2:20  SCV  
  22  2:28  Factory  
  22  2:31  Refinery  
  22  2:33  SCV  
  23  2:38  Marine  
  24  2:44  Marine  
  24  2:47  SCV  
  26  2:51  Orbital Command  
  26  2:59  Marine  
  26  3:04  SCV  
  28  3:14  Starport, Factory Tech Lab  
  28  3:16  Barracks Reactor  
  28  3:18  SCV x2  
  30  3:25  Marine  
  31  3:34  Siege Tank  
  31  3:39  Engineering Bay  
  31  3:40  SCV x2  
  36  3:52  Barracks Tech Lab  
  36  3:56  Viking  
  36  3:59  SCV x2  
  40  4:03  Marine x2  
  40  4:07  Missile Turret  
  40  4:09  Siege Tank  
  45  4:12  SCV  
  46  4:20  Supply Depot  
  46  4:22  Supply Depot  
  46  4:27  Stimpack  
  46  4:42  Marine x2, SCV x2  
  46  4:43  Marauder  
  52  4:46  Starport Reactor  
  52  4:54  SCV x2  
  52  4:55  Refinery  
  52  4:57  Missile Turret  
  52  4:58  Refinery  
  54  5:01  Marine x2  
  54  5:06  SCV  
  57  5:09  Terran Infantry Weapons Level 1  
  57  5:13  SCV  
  58  5:14  Supply Depot  
  58  5:19  Liberator  
  58  5:20  SCV  
  59  5:31  Missile Turret  
  59  5:33  SCV x2  
  61  5:36  Medivac  
  61  5:40  Supply Depot  
  66  5:43  Marine x2  
  66  5:45  SCV x2  
  66  5:46  Siege Tank  
  73  5:56  Barracks  
  73  5:57  SCV x2  
  73  6:02  Marine x2  
  77  6:08  Supply Depot  
  77  6:09  SCV  
  77  6:10  SCV  
  79  6:13  Marauder  
  81  6:21  Siege Tank, SCV  
  81  6:22  SCV  
  86  6:34  SCV x2  
  86  6:39  Engineering Bay, Medivac x2  
  92  6:46  SCV x2, Combat Shields  
  94  6:47  Missile Turret  
  94  6:51  Barracks Reactor  
  94  7:02  Supply Depot  
  94  7:04  Supply Depot  
  94  7:18  Marine  
  94  7:19  SCV  
  94  7:22  Marine, SCV  
  93  7:23  Marauder  
  94  7:44  Liberator x2  
  94  7:50  Terran Infantry Armor Level 1  
  94  7:54  Armory  
  94  7:55  Marine  
  95  7:59  Marauder, Marine x3, Missile Turret  
  95  8:00  Siege Tank  
  95  8:01  Command Center  
  109  8:13  Marine  
  88  9:14  Marauder, Marine x4  
  88  9:15  Siege Tank  
  96  9:17  Medivac x2  
  92  9:32  Marine x2  
  94  9:44  Barracks  
  91  9:46  Marauder, Marine x2  
  91  9:48  Siege Tank  
  91  9:49  Marine x2  
  91  9:50  Viking x2  
  91  9:52  Terran Infantry Weapons Level 2, Terran Infantry Armor Level 2  
  104  9:54  Terran Vehicle Weapons Level 1  
  104  10:00  Orbital Command  
  101  10:07  Refinery  
  101  10:08  Marauder  
  101  10:11  Refinery  
  101  10:12  SCV x2  
  102  10:19  Missile Turret  
  102  10:21  Liberator x2  
  102  10:22  Missile Turret x2  
  102  10:23  Missile Turret  
  102  10:29  Missile Turret  
  102  10:31  Missile Turret  
  102  10:33  Missile Turret  
  102  10:35  Marauder, Marine x3, Missile Turret  
  104  10:36  Marine, Missile Turret  
  104  10:37  Siege Tank, Missile Turret  
  117  10:54  SCV x3  
  120  11:06  SCV x2, Command Center  
  120  11:08  Command Center  
  122  11:11  Barracks  
  122  11:13  Barracks Reactor  
  122  11:15  Concussive Shells  
  122  11:32  Marauder, Marine  
  125  11:47  Supply Depot, Marine x3, Siege Tank  
  125  11:48  Supply Depot  
  125  11:49  Supply Depot  
  125  11:50  Marine  
  125  11:51  Viking  
  125  11:53  Marauder  
Show
View Real Time Build Order
Export as new Build Order

capac Terran 

Build Orders:  

Get SALT Encoding   

  12  0:05  SCV  
  13  0:17  SCV  
  14  0:22  Supply Depot  
  14  0:29  SCV  
  15  0:43  SCV  
  15  0:44  Barracks  
  15  0:48  Refinery  
  16  0:55  SCV  
  17  1:08  SCV  
  18  1:20  SCV  
  19  1:32  SCV  
  20  1:33  Barracks Reactor  
  20  1:40  Command Center  
  20  1:44  SCV  
  21  1:50  Supply Depot  
  21  2:10  Factory, Marine  
  21  2:11  Marine  
  21  2:13  Orbital Command  
  23  2:26  Refinery  
  23  2:31  Marine x2  
  25  2:40  SCV  
  26  2:45  Engineering Bay  
  26  2:49  Marine x2  
  28  2:55  Factory Tech Lab  
  28  2:59  Starport  
  28  3:02  SCV  
  29  3:12  Orbital Command  
  29  3:14  SCV  
  30  3:25  Missile Turret  
  30  3:26  SCV  
  31  3:30  Marine x2  
  33  3:38  SCV  
  33  3:39  Siege Tank  
  37  3:44  SCV  
  38  3:51  SCV  
  38  3:52  Marine x2  
  41  3:59  Barracks  
  41  4:03  SCV  
  41  4:04  Medivac  
  41  4:06  SCV  
  45  4:11  Supply Depot  
  45  4:18  Supply Depot  
  45  4:24  SCV  
  45  4:26  Barracks  
  46  4:32  SCV  
  47  4:40  Starport Reactor  
  47  4:41  Siege Tank  
  47  4:42  SCV  
  47  4:45  Refinery, SCV  
  52  4:47  Refinery  
  52  4:50  Barracks Tech Lab  
  52  4:51  Missile Turret  
  52  4:55  Supply Depot  
  52  5:03  Marine x2  
  52  5:04  SCV  
  52  5:06  SCV  
  56  5:12  Missile Turret  
  56  5:16  Stimpack  
  56  5:18  Medivac x2  
  60  5:24  Supply Depot  
  60  5:28  Barracks Reactor  
  60  5:29  Marine x3  
  60  5:34  SCV x2  
  65  5:44  Siege Tank, Missile Turret  
  65  5:48  Supply Depot  
  68  6:01  Medivac  
  68  6:03  Viking  
  72  6:14  Marine x4  
  76  6:19  Siege Tank, Command Center  
  76  6:21  SCV x2  
  81  6:29  Marine  
  82  6:33  SCV x2  
  82  6:34  Viking  
  82  6:39  Supply Depot  
  86  6:43  Marine x2  
  88  6:58  SCV  
  88  6:59  SCV  
  88  7:01  Marine x2  
  92  7:08  Medivac x2  
  92  7:11  Factory  
  88  7:30  Marine x4  
  92  7:38  SCV x2, Command Center  
  92  7:43  Siege Tank  
  96  7:50  SCV  
  97  7:53  SCV  
  97  7:54  Orbital Command  
  98  8:00  Missile Turret  
  98  8:02  SCV  
  99  8:05  SCV  
  99  8:07  Factory Tech Lab  
  100  8:14  SCV  
  100  8:16  Supply Depot  
  100  8:18  SCV  
  102  8:21  Supply Depot, Missile Turret  
  102  8:23  Refinery  
  102  8:26  SCV  
  103  8:28  Marine  
  103  8:29  Marine x4  
  103  8:30  SCV  
  70  9:05  Marine x3  
  69  9:16  Siege Tank x2  
  75  9:19  Marine  
  75  9:25  Marine x3  
  74  9:37  Marine  
  68  9:43  Marine x3  
  71  9:48  Siege Tank x2  
  77  9:55  Marine  
  77  9:56  Refinery  
  78  10:01  Marine x3  
  78  10:03  SCV  
  82  10:09  Command Center  
  82  10:11  Terran Infantry Armor Level 1  
  82  10:14  Supply Depot  
  82  10:15  SCV  
  82  10:16  Supply Depot  
  83  10:30  Armory x2  
  83  10:32  Siege Tank x2  
  89  10:38  Missile Turret  
  89  10:42  Supply Depot  
  89  10:48  SCV x2  
  91  10:54  Missile Turret  
  91  11:12  Planetary Fortress  
  91  11:16  SCV x2  
  91  11:18  Missile Turret  
  93  11:28  SCV  
  94  11:41  SCV  
  94  11:42  SCV  
  96  11:49  Siege Tank x2  
  96  11:53  SCV  
  103  11:55  Refinery  
  103  11:57  Command Center  
  103  11:58  Supply Depot  
  92  12:25  Viking x2  
  92  12:29  Thor x2  
  95  12:40  Marine x2  
  95  12:41  Marine x2  
  85  12:58  Marine  
  79  13:09  Marine x2  
Tags
 
Composition
Bio Tank
League
GoldGold
Matchup
TvT
Race
Terran
Add a new tag
Caveats
  • Supply blocks, unpowered buildings, or Contaminate may cause inaccurate times.
  • Supply counts are checked every 10 seconds.